 Dungeon Crawl Stone Soup version 0.30-a0-424-g7412bad402 (webtiles) character file.

Game seed: 18160678554665359209

3244 AigisTheKnight the Digger (level 9, -8/55 HPs)
             Began as a Gargoyle Earth Elementalist on Dec 9, 2022.
             Mangled by a two-headed ogre
             ... wielding a +0 giant club
              (18 damage)
             ... on level 9 of the Dungeon.
             The game lasted 00:17:54 (8542 turns).

AigisTheKnight the Digger (GrEE)                    Turns: 8542, Time: 00:17:55

Health: -8/55      AC: 18    Str: 13    XL:     9   Next: 99%
Magic:  2/17       EV: 12    Int: 17    God:
Gold:   386        SH:  0    Dex: 10    Spells: 15/19 levels left

rFire   . . .      SeeInvis .    w - +6 flail "Haeh" {vorpal, Int+3}
rCold   . . .      Faith    .    (no shield)
rNeg    + + .      Spirit   .    N - +0 steam dragon scales
rPois   ∞          Reflect  .    (no helmet)
rElec   +          Harm     .    (no cloak)
rCorr   .          Rampage  .    (no gloves)
Will    .....                    h - +0 pair of boots
Stlth   ++........               (no amulet)
HPRegen 0.29/turn                f - +4 ring of protection
MPRegen 0.15/turn                l - ring "Keedeg" {rElec rPois rN+ Int-5 Slay+5}

@: no status effects
A: sickness immunity, AC +6, negative energy resistance 1, electricity
resistance, torment resistance 1, petrification resistance
a: no special abilities


You were on level 9 of the Dungeon.
You visited 2 branches of the dungeon, and saw 11 of its levels.

You collected 386 gold pieces.

Inventory:

Hand Weapons
 p - a +0 dagger
 w - the +6 flail "Haeh" (weapon) {vorpal, Int+3}
   (You found it on level 3 of the Dungeon)

   It inflicts extra damage upon your enemies.
   Int:       It affects your intelligence (+3).
Missiles
 g - 4 silver javelins
 n - 9 javelins (quivered)
 E - 4 atropa-tipped darts
 O - a curare-tipped dart
Armour
 a - a +0 robe
 h - a +0 pair of boots (worn)
 A - a +0 scale mail
 L - a +0 leather armour
 N - +0 steam dragon scales (worn)
Magical Staves
 j - a staff of death
Jewellery
 f - a +4 ring of protection (left hand)
 l - the ring "Keedeg" (right hand) {rElec rPois rN+ Int-5 Slay+5}
   (You found it on level 2 of the Dungeon)

   [ring of positive energy]

   Int:       It affects your intelligence (-5).
   Slay:      It affects your accuracy & damage with ranged weapons and melee
   (+5).
   rElec:     It insulates you from electricity.
   rPois:     It protects you from poison.
   rN:        It protects you from negative energy.
 r - a ring of positive energy
 K - a ring of ice
 Q - a ring of resist corrosion
Wands
 t - a wand of mindburst (12)
 G - a wand of roots (4)
Scrolls
 c - 5 scrolls of identify
 d - 3 scrolls of poison
 e - 2 scrolls of fear {unknown}
 m - 4 scrolls of magic mapping {unknown}
 o - 3 scrolls of teleportation {unknown}
 q - a scroll of acquirement {unknown}
 s - 2 scrolls of blinking {unknown}
 v - a scroll of brand weapon {unknown}
 x - 3 scrolls of noise {unknown}
 y - 2 scrolls of torment {unknown}
 B - 2 scrolls of silence
 D - 2 scrolls of enchant weapon {unknown}
 F - a scroll of vulnerability {unknown}
 J - a scroll of fog {unknown}
 M - a scroll of amnesia {unknown}
 P - a scroll of enchant armour {unknown}
Potions
 b - a potion of magic
 i - 3 potions of flight
 k - a potion of attraction
 u - a potion of resistance
 z - 2 potions of brilliance
 C - a potion of might {unknown}
 H - 3 potions of curing
 I - a potion of lignification {unknown}
 R - a potion of haste {unknown}


   Skills:
 + Level 6.0 Fighting
 + Level 5.0 Maces & Flails
 + Level 6.1 Armour
 - Level 1.6 Dodging
 - Level 2.3 Stealth
 + Level 5.6 Spellcasting
 + Level 5.6 Conjurations
 - Level 0.9 Transmutations
 + Level 7.7 Earth Magic


You had 15 spell levels left.
You knew the following spells:

 Your Spells              Type           Power      Damage    Failure   Level
a - Sandblast             Erth           62%        2d14      1%          1
b - Stone Arrow           Conj/Erth      54%        3d10      2%          3

Your spell library contained the following spells:

 Spells                   Type           Power      Damage    Failure   Level
 Magic Dart               Conj           92%        1d7       1%          1
 Passwall                 Tmut/Erth      15%        N/A       3%          2
 Mephitic Cloud           Conj/Pois/Air  11%        N/A       19%         3
 Call Imp                 Summ           4%         N/A       21%         2
 Petrify                  Tmut/Erth      19%        N/A       22%         4
 Ignite Poison            Fire/Tmut/Pois 5%         N/A       34%         3
 Inner Flame              Hex/Fire       4%         N/A       38%         3
 Kindle Blastsparks       Fire/Tloc/Air  8%         2d10      38%         3
 Lightning Bolt           Conj/Air       7%         1d19      75%         5
 Airstrike                Air            2%         2d(1-17)  80%         4
 Cause Fear               Hex            2%         N/A       80%         4
 Summon Lightning Spire   Summ/Air       4%         N/A       80%         4
 Freezing Cloud           Conj/Ice/Air   5%         6-21      86%         5
 Discord                  Hex            2%         N/A       100%        8


Dungeon Overview and Level Annotations

Branches:
Dungeon (10/15)            Temple (1/1) D:5
   Lair: D:8-11         Orc: D:9-12

Altars:
Ashenzari
Cheibriados
Dithmenos
Fedhas
Gozag
Hepliaklqana
Kikubaaqudgha
Makhleb
Okawaru
Ru
Sif Muna
Trog
Vehumet
Xom
Yredelemnul
Zin

Annotations:
D:2 Crazy Yiuf
D:3 Sigmund
D:4 Edmund


Innate Abilities, Weirdness & Mutations

You are immune to sickness and miasma.
Your stone body is resilient. (AC +6)
You are immune to poison.
You resist negative energy. (rN+)
You are resistant to electric shocks. (rElec)
You are resistant to unholy torment.
You are immune to petrification.


Message History

The stone arrow hits the two-headed ogre.
The two-headed ogre is moderately wounded.
The two-headed ogre hits you with a +0 giant club.
The two-headed ogre hits you with a +0 giant spiked club.
Casting: Stone Arrow (dangerous; 2% risk of failure)
Confirm with . or Enter, or press ? or * to list all spells.
Aiming: Stone Arrow (dangerous; 2% risk of failure)
Press: ? - help, Shift-Dir - straight line, f/p - two-headed ogre
Aim: a two-headed ogre, wielding a +0 giant club and a +0 giant spiked club (moderately wounded, 86% to hit)
The stone arrow hits the two-headed ogre!!
The two-headed ogre is severely wounded.
Unknown command.
Casting: Stone Arrow (dangerous; 2% risk of failure)
Confirm with . or Enter, or press ? or * to list all spells.
Aiming: Stone Arrow (dangerous; 2% risk of failure)
Press: ? - help, Shift-Dir - straight line, f/p - two-headed ogre
Aim: a two-headed ogre, wielding a +0 giant club and a +0 giant spiked club (severely wounded, 86% to hit)
The stone arrow hits the two-headed ogre!
The two-headed ogre is almost dead.
The two-headed ogre closely misses you.
The two-headed ogre hits you but does no damage.
Casting: Stone Arrow (dangerous; 2% risk of failure)
Confirm with . or Enter, or press ? or * to list all spells.
You don't have enough magic to cast this spell.
Unknown command.
Unknown command.
Casting: Stone Arrow (dangerous; 2% risk of failure)
Confirm with . or Enter, or press ? or * to list all spells.
Aiming: Sandblast (safe; 1% risk of failure)
Press: ? - help, Shift-Dir - straight line, f/p - two-headed ogre
Aim: a two-headed ogre, wielding a +0 giant club and a +0 giant spiked club (almost dead, 92% to hit)
The blast of sand hits the two-headed ogre but does no damage.
The two-headed ogre is almost dead.
The two-headed ogre hits you with a +0 giant club.
The two-headed ogre hits you with a +0 giant spiked club!
* * * LOW HITPOINT WARNING * * *
You hit the two-headed ogre.
The two-headed ogre is almost dead.
The two-headed ogre hits you with a +0 giant club!!
You die...

########
##......####
##..........##
#....O@.......
#>............
##............
#............
#............
#............
#....$.....##
#.......####
###....##


You could see a two-headed ogre.

Vanquished Creatures
  Joseph (D:7)
  A wraith (D:5)
  A steam dragon (D:7)
  A water moccasin (D:6)
  An orc warrior (D:8)
  A black bear (D:5)
  2 sky beasts
  3 ice beasts (D:6)
  An ogre (D:5)
  A phantom (D:6)
  A kobold brigand (D:8)
  A bullfrog (D:6)
  3 scorpions
  7 wights
  5 electric eels (D:8)
  A jelly (D:7)
  5 orc priests
  4 hounds
  A gnoll bouda (D:7)
  3 iguanas
  Natasha (D:2)
  6 orc wizards
  Robin (D:2)
  6 gnolls
  10 adders
  2 shadow imps
  A white imp (D:8)
  3 ufetubi
  A worm (D:2)
  A dart slug (D:4)
  27 orcs
  5 ball pythons
  4 bats
  2 endoplasms
  4 giant cockroaches
  8 goblins
  8 hobgoblins
  6 jackals
  4 quokkas
  3 frilled lizards
  6 kobolds
  3 rats
156 creatures vanquished.

Notes
Turn   | Place    | Note
-------+----------+-------------------------------------------
     0 | D:1      | AigisTheKnight the Gargoyle Earth Elementalist began the
                  | quest for the Orb.
     0 | D:1      | Reached XP level 1. HP: 10/10 MP: 3/3
   173 | D:1      | Reached XP level 2. HP: 15/15 MP: 1/5
  1182 | D:2      | Noticed Robin
  1293 | D:2      | Reached skill level 1 in Armour
  1293 | D:2      | Reached XP level 3. HP: 20/20 MP: 4/6
  1295 | D:2      | Reached skill level 1 in Fighting
  1295 | D:2      | Reached skill level 4 in Earth Magic
  1329 | D:2      | Identified the ring "Keedeg" {rElec rPois rN+ Int-5 Slay+5}
  1551 | D:2      | Found a runed translucent door.
  1552 | D:2      | Noticed Crazy Yiuf
  1761 | D:2      | Noticed Natasha
  1764 | D:2      | Killed Natasha
  1765 | D:2      | Reached XP level 4. HP: 18/26 MP: 3/8
  1807 | D:2      | Found a faded altar of an unknown god.
  2178 | D:2      | Killed Robin
  2277 | D:2      | HP: 1/26 [Crazy Yiuf/+3 quarterstaff of chaos (3)]
  2451 | D:2      | Reached XP level 5. HP: 27/30 MP: 6/9
  2675 | D:3      | Identified the +6 flail "Haeh" {vorpal, Int+3}
  2755 | D:3      | Noticed Sigmund
  2918 | D:4      | Noticed Edmund
  3427 | D:4      | Reached skill level 1 in Conjurations
  3427 | D:4      | Reached XP level 6. HP: 34/36 MP: 10/10
  3466 | D:4      | Reached skill level 1 in Maces & Flails
  3469 | D:4      | Reached skill level 5 in Earth Magic
  3503 | D:5      | Entered Level 5 of the Dungeon
  3596 | D:5      | Found a sacrificial altar of Ru.
  3596 | D:5      | Noticed a black bear
  3646 | D:5      | Killed a black bear
  3801 | D:5      | Reached XP level 7. HP: 40/41 MP: 9/12
  3837 | D:5      | Noticed a wraith
  4108 | D:5      | Killed a wraith
  4301 | D:5      | Found a staircase to the Ecumenical Temple.
  4404 | Temple   | Entered the Ecumenical Temple
  4565 | D:5      | Reached XP level 8. HP: 48/48 MP: 10/13
  4874 | D:6      | Reached skill level 6 in Earth Magic
  5331 | D:6      | Found an iron altar of Okawaru.
  5453 | D:6      | Reached XP level 9. HP: 53/53 MP: 14/16
  5483 | D:6      | Reached skill level 5 in Fighting
  5483 | D:6      | Reached skill level 5 in Armour
  5971 | D:7      | Noticed Joseph
  5993 | D:7      | Killed Joseph
  5994 | D:7      | Reached skill level 5 in Spellcasting
  5994 | D:7      | Reached skill level 7 in Earth Magic
  6130 | D:7      | Learned a level 3 spell: Stone Arrow
  6537 | D:7      | Reached skill level 5 in Conjurations
  6749 | D:7      | Found a shimmering blue altar of Sif Muna.
  8203 | D:8      | You fall into a shaft and drop 2 floors!
  8203 | D:10     | Entered Level 10 of the Dungeon
  8236 | D:9      | Noticed a two-headed ogre
  8286 | D:8      | Reached skill level 5 in Maces & Flails
  8542 | D:9      | Mangled by a two-headed ogre

Illustrated notes

Levels and vault maps discovered:
D:1:      shiori_arrival_elements, layout_basic
D:2:      layout_loops_ring, shapermc_ecumenical_altar_acropolis,
          grunt_ministairs_4, uniq_crazy_yiuf_cottage, uniq_natasha, uniq_robin
D:3:      layout_rooms, marbit_many_paths, serial_curves, eino_curves_02,
          eino_curves_02, corexii_leaking_fountain,
          chequers_serial_rivers_room_a, uniq_sigmund
D:4:      kennysheep_six_static_rooms, layout_basic,
          nicolae_qazlal_scattered_showers, nicolae_overflow_two_pavilions,
          uniq_edmund
D:5:      layout_basic, nicolae_ru_awakened_eye, lemuel_temple_firewalk_b,
          chequers_serial_rivers_small_3
D:6:      layout_gridville, kennysheep_mini_moat, serial_park_tiny_2,
          minmay_quadrilaterals
D:7:      layout_layer_cave, nicolae_sif_muna_condensation, uniq_joseph
D:8:      layout_basic, minivault_14
D:9:      layout_cave_pods, old_standard_altar, lair_entry_dummy, uniq_maurice
D:10:     layout_irregular_city, mainiacjoe_overflow_surrounded_room,
          serial_shops, shop, hangedman_abyss_or_decor_passed,
          minmay_stone_trees_small
Temple:   nicolae_temple_ecumenical_triangle

Skill      XL: |  1  2  3  4  5  6  7  8  9 |
---------------+----------------------------+-----
Armour         | 1 2 3 4 6 |  6.1
Fighting       | 1 2 3 4 6 |  6.0
Earth Magic    | 4 5 6 7 |  7.7
Spellcasting   | 3 4 5 |  5.6
Conjurations   | 1 2 4 5 |  5.6
Maces & Flails | 1 2 3 5 |  5.0
Dodging        | |  1.6
Stealth        | |  2.3
Transmutations | |  0.9

Action                   |  1- 3 |  4- 6 |  7- 9 || total
-------------------------+-------+-------+-------++-------
Melee: Punch             |     1 |       |     5 ||     6
       Unarmed           |     1 |       |       ||     1
       Dagger            |       |    23 |       ||    23
       Flail             |       |    41 |   176 ||   217
Throw: Javelin           |       |       |     2 ||     2
 Cast: Sandblast         |    45 |    43 |    40 ||   128
       Stone Arrow       |       |       |    20 ||    20
  Use: Scroll            |       |     4 |     3 ||     7
       Potion            |       |       |     2 ||     2
 Stab: Sleeping          |       |     2 |     1 ||     3
Armor: Robe              |     7 |    43 |    69 ||   119
       Scale mail        |       |       |    24 ||    24
       Steam dragon scal |       |       |    11 ||    11
Dodge: Dodged            |    16 |    50 |   100 ||   166

Table legend: (Time is in decaauts)
 A = Elapsed time spent in this place.
 B = Non-inter-level travel time spent in this place.
 C = Inter-level travel time spent in this place.
 D = Time resting spent in this place.
 E = Time spent auto-exploring this place.
 F = Levels seen in this place.
 G = Mean time per level.
                   A        B        C        D        E       F      G
               +--------+--------+--------+--------+--------+-----+--------+
         Total |   8689 |   8190 |    499 |    976 |   5604 |  11 |  789.9 |
       Dungeon |   8591 |   8121 |    470 |    976 |   5542 |  10 |  859.1 |
        Temple |     97 |     68 |     29 |      0 |     62 |   1 |   97.0 |
               +--------+--------+--------+--------+--------+-----+--------+

Top non-repeatable levels by time:
     D:7: 1649 daAuts
     D:2: 1301 daAuts
     D:5: 1297 daAuts
     D:1: 1186 daAuts
     D:6: 1023 daAuts
     D:8: 1020 daAuts
     D:4: 613 daAuts
     D:3: 453 daAuts
  Temple: 97 daAuts
    D:10: 28 daAuts
     D:9: 16 daAuts
